 Dungeon Crawl Stone Soup version 0.32-a0-994-gabb26cbae4 (webtiles) character file.

Game seed: 14752290318883338724

289453 Vbesf the Brawler (level 20, -14/164 HPs)
             Began as a Gnoll Cinder Acolyte on Apr 22, 2024.
             Was a Priest of Jiyva.
             Demolished by a stone giant (21 damage)
             ... on level 2 of the Depths.
             The game lasted 02:49:26 (49685 turns).

Vbesf the Brawler (Gnoll Cinder Acolyte)           Turns: 49685, Time: 02:49:26

Health: -14/164    AC: 11    Str: 20    XL:     20   Next: 72%
Magic:  46/46      EV: 17    Int: 17    God:    Jiyva [***...]
Gold:   1879       SH: 12    Dex: 10    Spells: 48/48 levels left

rFire   + . .        a - +2 demon trident (elec)
rCold   + + +        O - +0 kite shield {reflect}
rNeg    . . .        i - +0 ice dragon scales
rPois   +            n - +1 hat {Int+3}
rElec   .            u - scarf {rC+ rF+}
rCorr   +            (no gloves)
SInv    .            (boots unavailable)
Will    ++...        (no amulet)
Stlth   ++++         D - +5 ring of evasion
HPRegen 1.59/turn    z - ring of poison resistance
MPRegen 0.86/turn

%: reflection
@: flying, hasted, studying Unarmed Combat, very quick
A: fangs 1, strong nose, distributed training, horns 1, talons 3, fire
resistance 1, high MP 2, strong-willed 1, mutation resistance 1, wild magic 1,
eyeballs 2, pseudopods 2
}: 2/15 runes: decaying, serpentine
a: Renounce Religion, Oozemancy


You were on level 2 of the Depths.
You worshipped Jiyva.
Jiyva was most pleased with you.
You visited 7 branches of the dungeon, and saw 33 of its levels.
You also visited: Ossuary, Bailey and Gauntlet.

You collected 3554 gold pieces.
You spent 1675 gold pieces at shops.

Inventory:

Hand Weapons
 a - a +2 demon trident of electrocution (weapon)
 l - the +6 war axe of Qakama {pain, *Noise Will+++ Str-4 Int+6}
   (You took it off a minotaur in a Gauntlet)

   Str-4:     It affects your strength (-4).
   Int+6:     It affects your intelligence (+6).
   Will+++:   It greatly increases your willpower.
   *Noise:    It may make a loud noise when swung.
 F - a +6 broad axe
 R - a +3 executioner's axe of electrocution
Armour
 i - +0 ice dragon scales (worn)
 n - a +1 hat of intelligence (worn)
 u - a scarf of resistance (worn)
 A - a +0 cloak of willpower
 O - a +0 kite shield of reflection (worn)
Jewellery
 b - a ring of positive energy
 c - the ring of Kakkiuczi {^Drain rF+ rC+ Str+3}
   (You bought it in a shop on level 15 of the Dungeon)

   [ring of protection from fire]

   Str+3:     It affects your strength (+3).
   rF+:       It protects you from fire.
   rC+:       It protects you from cold.
   ^Drain:    It drains your maximum health when unequipped.
 d - an amulet of magic regeneration
 f - a ring of willpower
 z - a ring of poison resistance (right hand)
 D - a +5 ring of evasion (left hand)
 G - a ring of protection from fire
 M - the ring of the Madman {rC- AC+4 Int+5}
   (You took it off a centaur warrior on level 11 of the Dungeon)

   [ring of protection]

   AC+4:      It affects your AC (+4).
   Int+5:     It affects your intelligence (+5).
   rC-:       It makes you vulnerable to cold.
 P - a ring of willpower
 Y - a ring of wizardry
Talismans
 t - a talisman of death
 K - a dragon-blood talisman
 T - the maw talisman "Ixuasem" {Fly rElec rPois}
   (You took it off Rupert on level 14 of the Dungeon)

   [maw talisman]

   rElec:     It insulates you from electricity.
   rPois:     It protects you from poison.
   Fly:       It grants you flight.
Wands
 x - a wand of iceblast (6)
 J - a wand of acid (4)
 N - a wand of charming (20)
 X - a wand of digging (7)
Scrolls
 g - 4 scrolls of fog
 j - 4 scrolls of enchant armour
 k - 2 scrolls of amnesia
 r - 2 scrolls of fear
 v - 2 scrolls of butterflies
 B - a scroll of brand weapon
 Q - 3 scrolls of silence
 U - 2 scrolls of immolation
 Z - 2 scrolls of torment
Potions
 m - 2 potions of brilliance
 o - 3 potions of curing
 p - 4 potions of attraction
 s - a potion of invisibility
 w - 3 potions of cancellation
 C - 3 potions of magic
 E - 8 potions of enlightenment
 H - a potion of lignification
 I - a potion of resistance
 V - 3 potions of mutation
Miscellaneous
 e - a lightning rod (4/4)
 S - a condenser vane
 W - a phial of floods


   Skills:
 + Level 15.7 Fighting
 + Level 14.4 Short Blades
 + Level 14.4 Long Blades
 + Level 14.4 Axes
 + Level 14.4 Maces & Flails
 + Level 15.7 Polearms
 + Level 14.4 Staves
 + Level 14.4 Ranged Weapons
 + Level 14.4 Throwing
 + Level 14.4 Armour
 + Level 14.4 Dodging
 + Level 14.4 Stealth
 + Level 14.4 Shields
 + Level 19.5 Unarmed Combat
 + Level 14.6 Spellcasting
 + Level 12.2 Conjurations
 + Level 12.2 Hexes
 + Level 12.2 Summonings
 + Level 12.2 Necromancy
 + Level 12.2 Translocations
 + Level 13.3 Fire Magic
 + Level 12.2 Ice Magic
 + Level 12.2 Air Magic
 + Level 12.2 Earth Magic
 + Level 12.2 Alchemy
 + Level 15.6 Invocations
 + Level 14.4 Evocations
 + Level 13.3 Shapeshifting


You had 48 spell levels left.
You didn't know any spells.
Your spell library contained the following spells:

 Spells                   Type           Power      Damage    Failure   Level
 Apportation              Tloc           100%       N/A       1%          1
 Freeze                   Ice            100%       1d10      1%          1
 Necrotise                Necr           100%       1d9       1%          1
 Sting                    Conj/Alch      100%       1d9       1%          1
 Summon Small Mammal      Summ           100%       N/A       1%          1
 Jinxbite                 Hex            100%       N/A       1%          2
 Lesser Beckoning         Tloc           100%       N/A       1%          2
 Scorch                   Fire           100%       2d9       1%          2
 Dazzling Flash           Conj/Hex       100%       N/A       1%          3
 Frozen Ramparts          Ice            100%       1d16      1%          3
 Hailstorm                Conj/Ice       63%        3d12      1%          3
 Maxwell's Portable Pile  Tloc           63%        2d(11-32) 1%          3
 Mephitic Cloud           Conj/Alch/Air  63%        N/A       1%          3
 Ozocubu's Armour         Ice            63%        N/A       1%          3
 Summon Ice Beast         Ice/Summ       63%        N/A       1%          3
 Teleport Other           Tloc           63%        N/A       1%          3
 Animate Armour           Summ/Erth      100%       N/A       2%          4
 Petrify                  Alch/Erth      63%        N/A       2%          4
 Irradiate                Conj/Alch      31%        3d22      6%          5
 Iskenderun's Battlesphe  Conj           63%        2d11      6%          5
 Lee's Rapid Deconstruct  Erth           31%        3d16*     6%          5
 Silence                  Hex/Air        31%        N/A       6%          5
 Yara's Violent Unravell  Hex/Alch       31%        3d13      6%          5
 Bombard                  Conj/Erth      31%        9d6       30%         6
 Permafrost Eruption      Ice/Erth       31%        2x4d8     30%         6
 Sculpt Simulacrum        Ice/Alch       31%        N/A       30%         6
 Enfeeble                 Hex            31%        N/A       82%         7
 Magnavolt                Erth/Air       31%        3d16      82%         7
 Ozocubu's Refrigeration  Ice            31%        4d14      82%         7
 Spellforged Servitor     Conj/Summ      31%        N/A       82%         7
 Fulsome Fusillade        Conj/Alch      31%        (3-5)d11  100%        8


Dungeon Overview and Level Annotations

Branches:
Dungeon (15/15)            Temple (1/1) D:7            Lair (5/5) D:11
  Swamp (4/4) Lair:2        Snake (4/4) Lair:3        Slime (0/5) Lair:4
    Orc (2/2) D:12            Elf (0/3) Orc:2        Vaults (0/5) D:13
 Depths (2/4) D:15        Ossuary (visited)          Bailey (visited)
Gauntlet (visited)

Altars:
Ashenzari
Cheibriados
Dithmenos
Elyvilon
Fedhas
Gozag
Hepliaklqana
Kikubaaqudgha
Makhleb
Nemelex Xobeh
Okawaru
Qazlal
Ru
Sif Muna
Trog
Uskayaw
Vehumet
Wu Jian
Xom
Yredelemnul
Zin
The Shining One
Beogh
Jiyva
Lugonu

Shops:
D:12 *   D:13 (   D:14 :   D:15 =   Orc:2 :[!(   Snake:3 [*(   Depths:2 (

Portals:
Hell: Depths:1
Abyss: Lair:5
Ziggurat: Depths:1
Trove: D:11 (give 10 potions of heal wounds)

Annotations:
D:4 3 runed translucent doors, makewrite's ghost, amateur MDBe
Lair:1 3 runed translucent doors, Ocvoas's ghost, journeyman AtWr; P0WERM0DE's ghost, journeyman CoCK
Swamp:1 2 transporters, Karaet's ghost, adept MiFi
Snake:1 1 runed translucent door, ouz's ghost, journeyman MDFi
Snake:2 Mlioglotl
Snake:4 3 runed translucent doors, niknal's ghost, adept MDSu


Innate Abilities, Weirdness & Mutations

You have very sharp teeth.
Your uncanny sense of smell can sniff out nearby items.
Your experience applies equally to all skills.
You have a pair of small horns on your head.
You have claws for feet.
Your flesh is heat resistant. (rF+)
You have a considerably increased reservoir of magic. (+20% MP)
You are strong-willed. (Will+)
You are somewhat resistant to further mutation.
Your spells are a little harder to cast, but a little more powerful.
Your body has grown many eyes which may confuse attackers. (Acc +5)
Armour fits poorly on your large pseudopods.


Message History

You regained 2 hp, and now have 153/164 hp.
You regained 2 hp, and now have 156/164 hp.
You regained 2 hp, and now have 158/164 hp.
You reach to attack!
You hit the deep troll earth mage but do no damage.
Lightning courses through the deep troll earth mage!
The deep troll earth mage is moderately wounded.
You impale the deep troll earth mage!!
The deep troll earth mage is severely wounded.
You impale the deep troll earth mage!!
Lightning courses through the deep troll earth mage!
You kill the deep troll earth mage!
The troll leather armour is intact enough to wear.
No target in view!
You regained 2 hp, and now have 163/164 hp.
You reach to attack!
You impale the deep troll earth mage!!
The deep troll earth mage is heavily wounded.
A stone giant comes into view.
Health restored: 164 You hit the deep troll earth mage but do no damage.
You claw the deep troll earth mage, but do no damage.
You bite the deep troll earth mage, but do no damage.
You bludgeon the deep troll earth mage, but do no damage.
The deep troll earth mage is heavily wounded.
You block the deep troll earth mage's attack. x3
You hit the deep troll earth mage.
Your kick misses the deep troll earth mage.
Your headbutt misses the deep troll earth mage.
You bite the deep troll earth mage, but do no damage.
Your bludgeon misses the deep troll earth mage.
The deep troll earth mage is heavily wounded.
You closely miss the deep troll earth mage.
You claw the deep troll earth mage.
Your bludgeon misses the deep troll earth mage.
The deep troll earth mage is heavily wounded.
You block the deep troll earth mage's attack.
The deep troll earth mage misses you. The deep troll earth mage claws you.
You take 6 damage, and have 158/164 hp.
You closely miss the deep troll earth mage.
You claw the deep troll earth mage! You headbutt the deep troll earth mage!
The deep troll earth mage is almost dead.
You barely miss the deep troll earth mage.
Your kick misses the deep troll earth mage.
Your headbutt misses the deep troll earth mage.
The deep troll earth mage is almost dead.
The deep troll earth mage bites you.
The eyeballs on your body gaze at the deep troll earth mage.
You block the deep troll earth mage's attack. x2
The stone giant hits you.
You take 8 damage, and have 151/164 hp.
You impale the deep troll earth mage!!
Lightning courses through the deep troll earth mage!
You kill the deep troll earth mage!
The stone giant hits you!
You take 13 damage, and have 138/164 hp.
You puncture the stone giant! You claw the stone giant.
You headbutt the stone giant. You bludgeon the stone giant.
The stone giant is moderately wounded.
You puncture the stone giant!
Lightning courses through the stone giant!!
You claw the stone giant, but do no damage.
You bite the stone giant, but do no damage.
The stone giant is severely wounded.
You block the stone giant's attack. The iron troll closely misses you.
The iron troll claws you. The iron troll claws you!
You take 19 damage, and have 120/164 hp.
You hit the stone giant.
You claw the stone giant, but do no damage.
You headbutt the stone giant, but do no damage.
You bludgeon the stone giant.
The stone giant is severely wounded.
The stone giant hits you!
You take 10 damage, and have 110/164 hp.
You hit the stone giant but do no damage.
You claw the stone giant, but do no damage.
You headbutt the stone giant. Your bite misses the stone giant.
You bludgeon the stone giant, but do no damage.
The stone giant is severely wounded.
The iron troll bites you!! The iron troll claws you!
The iron troll completely misses you.
You take 40 damage, and have 70/164 hp.
MASSIVE DAMAGE!!
Activating: Oozemancy (28% risk of failure)
Press: ? - help, Dir - look around, f - activate You fail to use your ability.
The stone giant hits you!!
* * * LOW HITPOINT WARNING * * *
You take 33 damage, and have 37/164 hp.
MASSIVE DAMAGE!!
A deep troll comes into view.
You feel yourself speed up. The stone giant hits you!!
* * * LOW HITPOINT WARNING * * *
The iron troll bites you.
* * * LOW HITPOINT WARNING * * *
You block the iron troll's attack. The iron troll claws you.
* * * LOW HITPOINT WARNING * * *
You take 32 damage, and have 6/164 hp.
The stone giant attacks as it pursues you!
The stone giant hits you!!
You die...
Jiyva sends a jelly to digest your remains.

### ∆ ##.## ∆∆
∆∆##...## #.
##.....## ..D
#...#...##
..T##...##...##
..T.##...##[..##
....T##@C.##.).##
#...##...##[[.##
#...##TT.##...##
#...##[..##...#
##...#...##)..###
##..)..##...##.##
##...##...##...##
#####..)##.....##
#...##...#...#


You could see an iron troll, a stone giant and a deep troll.

Vanquished Creatures
  Nikola (Swamp:4)
  Rupert (D:14)
  Frances (D:13)
  A sphinx (Depths:1)
  3 thorn hunters
  Agnes (D:15)
  11 nagarajas
  Donald (Swamp:1)
  3 fire giants
  6 frost giants
  5 ghouls
  A quicksilver ooze (Gauntlet)
  2 orc warlords
  11 very ugly things
  5 stone giants
  7 eleionomae
  A minotaur (Gauntlet)
  4 spark wasps (Depths:2)
  3 bunyips
  Snorg (Orc:2)
  Azrael (Snake:2)
  A quicksilver dragon zombie (D:15)
  A shambling mangrove (Swamp:4)
  3 fire dragons
  6 vault guards
  26 hydras
  5 ice dragons
  An ogre mage (D:13)
  9 anacondas
  3 rakshasas (Depths:1)
  6 salamander tyrants
  3 ghost crabs (Swamp:3)
  2 spriggan air magi
  9 alligators
  8 two-headed ogres
  5 deep troll shamans
  10 boulder beetles
  7 centaur warriors
  3 tengu warriors
  16 naga warriors
  4 orc high priests
  5 deep troll earth magi
  A spriggan berserker (Depths:2)
  2 thrashing horrors (Lair:5)
  18 naga sharpshooters
  A vampire mage (D:15)
  A storm dragon zombie (D:15)
  4 shock serpents
  3 iron trolls
  A skyshark (Lair:4)
  10 salamander mystics
  7 skeletal warriors
  A deep elf archer (D:13)
  A sixfirhy (Gauntlet)
  16 mana vipers
  2 arcanists
  5 spriggan druids
  4 goliath frogs
  A death drake (Swamp:1)
  A flayed ghost (Depths:1)
  11 naga ritualists
  5 bog bodies
  10 deep trolls
  6 swamp dragons
  9 orc knights
  4 large abominations (Lair:5)
  3 deep elf pyromancers
  A necromancer (D:15)
  A wolf spider (D:15)
  Pikel (D:8)
  7 cyclopes
  An obsidian bat (Orc:1)
  5 orc sorcerers
  2 will-o-the-wisps
  3 manticores
  40 salamanders
  28 ugly things
  Maurice (D:8)
  A black mamba (shapeshifter) (D:13)
  10 meliai
  18 elephants
  4 kobold blastminers
  2 orange demons (Orc:1)
  30 black mambas
  4 gargoyles
  8 guardian serpents
  17 naga magi
  2 unseen horrors
  A smoke demon (Lair:5)
  A rime drake (Lair:3)
  An efreet (D:15)
  11 cane toads
  A yaktaur (D:13)
  3 tengu conjurers
  11 komodo dragons
  5 trolls
  A polar bear (Lair:3)
  6 tyrant leeches
  12 hornets
  Prince Ribbit (D:6)
  2 raiju (Lair:5)
  21 blink frogs
  9 dream sheep (Lair:5)
  3 shadows (D:11)
  11 spriggans
  15 fire elementals
  A wraith (D:11)
  A vampire (D:11)
  8 wyverns
  2 ynoxinuls (Lair:5)
  63 yaks
  A golden eye (shapeshifter) (Lair:5)
  2 wargs
  5 humans
  A chaos spawn (Lair:5)
  A steam dragon (D:7)
  9 basilisks
  Grum (D:9)
  Menkaure (Ossuary)
  15 swamp worms
  8 vampire mosquitoes
  42 nagas
  An acid dragon (D:12)
  3 hell hounds (Snake:2)
  21 water moccasins
  25 orc warriors
  14 swamp drakes
  3 ice beasts
  2 black bears (D:5)
  4 ogres
  2 sky beasts
  10 small abominations (Lair:5)
  A wolf (shapeshifter) (Lair:5)
  20 wolves
  2 centaurs
  A kobold brigand (D:9)
  2 phantoms
  21 bullfrogs
  8 scorpions
  3 gnoll sergeants
  9 wights
  2 electric eels
  4 howler monkeys
  7 hounds
  12 jellies
  4 bombardier beetles (D:5)
  19 orc priests
  A sleepcap (D:7)
  4 iguanas
  28 orc wizards
  Natasha (thrice) (D:4)
  18 hell rats
  3 mummies (Ossuary)
  13 adders
  14 gnolls
  2 shadow imps
  2 white imps
  7 ufetubi
  A ribbon worm (D:2)
  5 dart slugs
  46 orcs
  2 bats
  8 endoplasms
  3 giant cockroaches
  10 goblins
  11 hobgoblins
  4 jackals
  A quokka (D:5)
  5 ball pythons
  2 frilled lizards
  3 gnoll skeletons (Ossuary)
  2 gnoll zombies (Ossuary)
  5 goblin skeletons (Ossuary)
  4 goblin zombies (Ossuary)
  8 hobgoblin zombies (Ossuary)
  6 kobolds
  5 kobold skeletons (Ossuary)
  4 kobold zombies (Ossuary)
  7 orc skeletons (Ossuary)
  5 orc zombies (Ossuary)
  3 rats
  5 rat skeletons (Ossuary)
  2 rat zombies (Ossuary)
1244 creatures vanquished.

Vanquished Creatures (collateral kills)
  An eleionoma (Swamp:3)
1 creature vanquished.

Vanquished Creatures (others)
  Vashnia (Snake:3)
  An acid blob (Lair:5)
  A bunyip (Swamp:1)
  2 anacondas
  A goliath frog (Swamp:2)
  A glowing orange brain (Depths:2)
  4 swamp dragons
  An orc sorcerer (Orc:1)
  A cyclops (D:14)
  4 bloated husks
  A blink frog (Lair:4)
  A dream sheep (Lair:5)
  A spriggan (Swamp:3)
  4 slime creatures
  3 yaks (Lair:5)
  A basilisk (D:14)
  2 vampire mosquitoes
  A naga (Snake:1)
  A swamp worm (Swamp:4)
  A water moccasin (Lair:5)
  An orc warrior (Orc:1)
  A swamp drake (Swamp:4)
  A small abomination (Lair:5)
  202 jellies
  3 orc wizards (Orc:2)
  A hell rat (Lair:5)
  5 orcs
  An endoplasm (Lair:4)
  71 foxfires
319 creatures vanquished.

Grand Total: 1564 creatures vanquished

Notes
Turn   | Place    | Note
-------+----------+-------------------------------------------
     0 | D:1      | Vbesf the Gnoll Cinder Acolyte began the quest for the Orb.
     0 | D:1      | Reached XP level 1. HP: 23/23 MP: 4/4
   114 | D:1      | Reached XP level 2. HP: 25/29 MP: 5/5
   670 | D:2      | Reached XP level 3. HP: 26/35 MP: 7/7
   755 | D:2      | Reached skill level 1 in Invocations
   938 | D:2      | Reached skill level 1 in Short Blades
   938 | D:2      | Reached skill level 1 in Long Blades
   938 | D:2      | Reached skill level 1 in Axes
   938 | D:2      | Reached skill level 1 in Maces & Flails
   938 | D:2      | Reached skill level 1 in Staves
   938 | D:2      | Reached skill level 1 in Ranged Weapons
   938 | D:2      | Reached skill level 1 in Throwing
   938 | D:2      | Reached skill level 1 in Armour
   938 | D:2      | Reached skill level 1 in Dodging
   938 | D:2      | Reached skill level 1 in Stealth
   938 | D:2      | Reached skill level 1 in Shields
   938 | D:2      | Reached skill level 1 in Unarmed Combat
   938 | D:2      | Reached skill level 1 in Evocations
   948 | D:2      | Reached skill level 1 in Shapeshifting
   948 | D:2      | Reached XP level 4. HP: 41/41 MP: 8/8
  1149 | D:2      | Found a faded altar of an unknown god.
  1672 | D:3      | Reached skill level 1 in Conjurations
  1672 | D:3      | Reached skill level 1 in Hexes
  1672 | D:3      | Reached skill level 1 in Summonings
  1672 | D:3      | Reached skill level 1 in Necromancy
  1672 | D:3      | Reached skill level 1 in Translocations
  1672 | D:3      | Reached skill level 1 in Ice Magic
  1672 | D:3      | Reached skill level 1 in Air Magic
  1672 | D:3      | Reached skill level 1 in Earth Magic
  1672 | D:3      | Reached skill level 1 in Alchemy
  1745 | D:3      | Found a stormy altar of Qazlal.
  2084 | D:4      | Noticed Natasha
  2236 | D:3      | Reached XP level 5. HP: 20/47 MP: 9/9
  2608 | D:4      | Noticed a phantom
  2631 | D:4      | Killed a phantom
  2632 | D:4      | Reached skill level 2 in Unarmed Combat
  2632 | D:4      | Reached XP level 6. HP: 30/53 MP: 11/11
  2745 | D:4      | Found a runed translucent gate.
  2746 | D:4      | Found a runed translucent gate.
  2747 | D:4      | Found a runed translucent gate.
  2780 | D:4      | Noticed makewrite's ghost (amateur MDBe)
  2991 | D:4      | Killed Natasha
  2993 | D:4      | Noticed Natasha
  3015 | D:4      | Killed Natasha
  3142 | D:4      | Reached XP level 7. HP: 58/59 MP: 12/12
  3322 | D:4      | Noticed Natasha
  3341 | D:4      | Killed Natasha
  3558 | D:5      | Entered Level 5 of the Dungeon
  3798 | D:5      | Found a sand-covered staircase.
  3808 | Ossuary  | Entered an ossuary
  4228 | Ossuary  | Noticed Menkaure
  4241 | Ossuary  | Killed Menkaure
  4707 | D:5      | Reached skill level 3 in Unarmed Combat
  4707 | D:5      | Reached XP level 8. HP: 67/67 MP: 14/14
  5307 | D:5      | Reached skill level 4 in Unarmed Combat
  5682 | D:5      | Found a burning altar of Makhleb.
  5836 | D:5      | Reached XP level 9. HP: 60/73 MP: 16/16
  5839 | D:5      | Reached skill level 5 in Spellcasting
  6147 | D:6      | Noticed Prince Ribbit
  6153 | D:6      | Killed Prince Ribbit
  6154 | D:6      | Reached skill level 5 in Unarmed Combat
  6929 | D:7      | Reached skill level 5 in Invocations
  7367 | D:7      | Found a staircase to the Ecumenical Temple.
  7479 | Temple   | Entered the Ecumenical Temple
  7711 | D:7      | Reached skill level 6 in Unarmed Combat
  7896 | D:8      | Noticed Maurice
  7916 | D:8      | Killed Maurice
  7993 | D:8      | Reached skill level 5 in Short Blades
  7993 | D:8      | Reached skill level 5 in Long Blades
  7993 | D:8      | Reached skill level 5 in Axes
  7993 | D:8      | Reached skill level 5 in Maces & Flails
  7993 | D:8      | Reached skill level 5 in Staves
  7993 | D:8      | Reached skill level 5 in Ranged Weapons
  7993 | D:8      | Reached skill level 5 in Throwing
  7993 | D:8      | Reached skill level 5 in Armour
  7993 | D:8      | Reached skill level 5 in Dodging
  7993 | D:8      | Reached skill level 5 in Stealth
  7993 | D:8      | Reached skill level 5 in Shields
  7993 | D:8      | Reached skill level 5 in Evocations
  7993 | D:8      | Reached XP level 10. HP: 77/81 MP: 18/18
  8090 | D:8      | Paralysed by a hornet for 2 turns
  8095 | D:8      | Noticed a gargoyle
  8532 | D:8      | Killed a gargoyle
  8805 | D:8      | Noticed a two-headed ogre
  8814 | D:8      | Killed a two-headed ogre
  8815 | D:8      | Reached skill level 7 in Unarmed Combat
  8824 | D:7      | Paralysed by a hornet for 3 turns
  8832 | D:7      | Reached skill level 5 in Shapeshifting
  9321 | D:8      | Found a sparkling altar of Nemelex Xobeh.
  9614 | D:8      | Found a bloodstained altar of Trog.
  9614 | D:8      | Found a basalt altar of Yredelemnul.
  9620 | D:8      | Found a faded altar of an unknown god.
  9622 | D:8      | Found a faded altar of an unknown god.
  9624 | D:8      | Found a shimmering blue altar of Sif Muna.
  9647 | D:8      | Noticed Pikel
  9693 | D:8      | Killed Pikel
 10061 | D:9      | Noticed a two-headed ogre
 10193 | D:9      | Noticed a two-headed ogre
 10205 | D:9      | Killed a two-headed ogre
 10206 | D:9      | Reached skill level 8 in Unarmed Combat
 10206 | D:9      | Reached skill level 5 in Conjurations
 10206 | D:9      | Reached skill level 5 in Hexes
 10206 | D:9      | Reached skill level 5 in Summonings
 10206 | D:9      | Reached skill level 5 in Necromancy
 10206 | D:9      | Reached skill level 5 in Translocations
 10206 | D:9      | Reached skill level 5 in Ice Magic
 10206 | D:9      | Reached skill level 5 in Air Magic
 10206 | D:9      | Reached skill level 5 in Earth Magic
 10206 | D:9      | Reached skill level 5 in Alchemy
 10206 | D:9      | Reached XP level 11. HP: 68/89 MP: 21/21
 10290 | D:9      | Noticed a two-headed ogre
 10298 | D:9      | Killed a two-headed ogre
 10567 | D:9      | Killed a two-headed ogre
 11193 | D:9      | Noticed Grum
 11560 | D:9      | Killed Grum
 11828 | D:10     | Entered Level 10 of the Dungeon
 12059 | D:10     | Reached skill level 9 in Unarmed Combat
 12062 | D:10     | Found a flagged portal.
 12161 | Bailey   | Entered a bailey
 12303 | Bailey   | Noticed a vault guard
 12318 | Bailey   | Killed a vault guard
 12415 | Bailey   | Noticed a vault guard
 12430 | Bailey   | Killed a vault guard
 12669 | D:10     | Reached XP level 12. HP: 92/97 MP: 23/23
 13621 | D:11     | Found a staircase to the Lair.
 13652 | Lair:1   | Entered Level 1 of the Lair of Beasts
 13678 | Lair:1   | Noticed a boulder beetle
 13724 | Lair:1   | Killed a boulder beetle
 14019 | D:10     | Reached skill level 10 in Unarmed Combat
 14058 | D:11     | Reached skill level 10 in Fighting
 14058 | D:11     | Reached skill level 10 in Polearms
 14229 | D:11     | Noticed a centaur warrior
 14409 | D:11     | Found a portal to a secret trove of treasure.
 15181 | Lair:1   | Found a runed translucent gate.
 15182 | Lair:1   | Found a runed translucent gate.
 15186 | Lair:1   | Found a runed translucent gate.
 15188 | Lair:1   | Noticed P0WERM0DE's ghost (journeyman CoCK)
 15189 | Lair:1   | Noticed Ocvoas's ghost (journeyman AtWr)
 16423 | Lair:2   | HP: 4/98 [elephant (10)]
 16973 | Lair:2   | Reached skill level 11 in Unarmed Combat
 16997 | Lair:2   | Found a staircase to the Swamp.
 17025 | Lair:2   | Reached XP level 13. HP: 43/104 MP: 25/25
 18533 | Lair:3   | Found a gate leading to a gauntlet.
 18535 | Lair:3   | Identified the +1 robe of Xomiwkus {Harm SInv}
 18552 | Gauntlet | Entered a Gauntlet
 18552 | Gauntlet | Found a transporter.
 18552 | Gauntlet | Found a transporter.
 18554 | Gauntlet | Found a transporter.
 18554 | Gauntlet | Found a transporter.
 18558 | Gauntlet | Found a transporter.
 18558 | Gauntlet | Found a transporter.
 18585 | Gauntlet | Found a transporter.
 18589 | Gauntlet | Found a transporter.
 18593 | Gauntlet | Found a runed translucent door.
 18594 | Gauntlet | Noticed a quicksilver ooze
 18595 | Gauntlet | Found a runed translucent door.
 18597 | Gauntlet | Found a transporter.
 18613 | Gauntlet | Found a transporter.
 18628 | Gauntlet | Found a transporter.
 18631 | Gauntlet | Found a transporter.
 19022 | Gauntlet | Identified the staff of Untruth {rElec rF+ Int-4 Stlth+
                  | Earth}
 19062 | Gauntlet | Killed a quicksilver ooze
 19176 | Gauntlet | Identified the +6 war axe of Qakama {pain, *Noise Will+++
                  | Str-4 Int+6}
 19176 | Gauntlet | Noticed a minotaur
 19195 | Gauntlet | Killed a minotaur
 19200 | Gauntlet | Identified the +2 hat of Sunlight {-Cast Harm rPois}
 19207 | Gauntlet | Got the Commentary on the Snowflakes
 20368 | Lair:3   | Found a staircase to the Snake Pit.
 20785 | Lair:3   | Reached skill level 12 in Unarmed Combat
 21599 | Lair:4   | Found a viscous altar of Jiyva.
 21882 | Lair:4   | Found a staircase to the Slime Pits.
 21889 | Lair:4   | Fell from the grace of Ignis
 21889 | Lair:4   | Became a worshipper of Jiyva Jasaugaf the Shapeless
 22108 | Lair:4   | You fall into a shaft and drop 1 floor!
 22108 | Lair:5   | Entered Level 5 of the Lair of Beasts
 22757 | Lair:4   | Reached skill level 10 in Invocations
 22757 | Lair:4   | Reached XP level 14. HP: 47/113 MP: 27/27
 23040 | Lair:4   | Reached * piety under Jiyva
 25280 | D:11     | Reached skill level 10 in Spellcasting
 25334 | D:11     | You fall into a shaft and drop 3 floors!
 25355 | D:14     | Reached ** piety under Jiyva
 25558 | D:14     | Reached skill level 13 in Unarmed Combat
 25677 | D:13     | HP: 5/113 [fire elemental[the fiery vengeance of Ignis]
                  | (10)]
 25828 | D:12     | Found a staircase to the Orcish Mines.
 25856 | Orc:1    | Entered Level 1 of the Orcish Mines
 25937 | Orc:1    | Reached *** piety under Jiyva
 26007 | Orc:1    | You fall into a shaft and drop 1 floor!
 26007 | Orc:2    | Entered Level 2 of the Orcish Mines
 26007 | Orc:2    | Found Vattuzyll's Armour Shop.
 26007 | Orc:2    | Found Kituezxu's Distillery.
 26009 | Orc:2    | Found Sopn's Weapon Emporium.
 26010 | Orc:2    | Found Zoramif's Antique Weapon Shop.
 26011 | Orc:2    | Found a roughly hewn altar of Beogh.
 26025 | Orc:2    | Gained mutation: Your body has grown eyes which may confuse
                  | attackers. (Acc +3) [Jiyva's grace]
 26025 | Orc:2    | Gained mutation: Your body has grown many eyes which may
                  | confuse attackers. (Acc +5) [Jiyva's grace]
 26025 | Orc:2    | Gained mutation: Your body is covered in eyes which may
                  | confuse attackers. (Acc +7, SInv) [Jiyva's grace]
 26025 | Orc:2    | Gained mutation: You have a pair of small horns on your
                  | head. [Jiyva's grace]
 26407 | Orc:1    | You fall into a shaft and drop 1 floor!
 26559 | Orc:2    | Was forgiven by Ignis
 26566 | Orc:2    | Noticed Snorg
 26574 | Orc:2    | Killed Snorg
 26611 | Orc:2    | Noticed an orc warlord
 26669 | Orc:1    | Noticed an orc warlord
 26716 | Orc:1    | Killed an orc warlord
 26822 | Orc:1    | Reached skill level 10 in Fire Magic
 26954 | Orc:1    | Reached skill level 10 in Short Blades
 26954 | Orc:1    | Reached skill level 10 in Long Blades
 26954 | Orc:1    | Reached skill level 10 in Axes
 26954 | Orc:1    | Reached skill level 10 in Maces & Flails
 26954 | Orc:1    | Reached skill level 10 in Staves
 26954 | Orc:1    | Reached skill level 10 in Ranged Weapons
 26954 | Orc:1    | Reached skill level 10 in Throwing
 26954 | Orc:1    | Reached skill level 10 in Armour
 26954 | Orc:1    | Reached skill level 10 in Dodging
 26954 | Orc:1    | Reached skill level 10 in Stealth
 26954 | Orc:1    | Reached skill level 10 in Shields
 26954 | Orc:1    | Reached skill level 10 in Evocations
 27106 | Orc:1    | Found a roughly hewn altar of Beogh.
 27128 | Orc:1    | Reached XP level 15. HP: 14/120 MP: 29/29
 27379 | Orc:2    | Found Tomuruna's Book Boutique.
 27429 | Orc:2    | Killed an orc warlord
 27453 | Orc:2    | Found a staircase to the Elven Halls.
 27523 | Orc:2    | Reached **** piety under Jiyva
 27550 | Orc:2    | Found a bloodstained altar of Trog.
 28056 | D:12     | Reached skill level 14 in Unarmed Combat
 28245 | D:12     | Found Vaucheg's Assorted Antiques.
 28785 | D:13     | Lost mutation: Your body is covered in eyes which may
                  | confuse attackers. (Acc +7, SInv) [Jiyva's grace]
 28785 | D:13     | Gained mutation: You have a small jelly attached to you
                  | that may absorb projectiles. [Jiyva's grace]
 28785 | D:13     | Gained mutation: You have an increased reservoir of magic.
                  | (+10% MP) [Jiyva's grace]
 28785 | D:13     | Gained mutation: You have a considerably increased
                  | reservoir of magic. (+20% MP) [Jiyva's grace]
 28785 | D:13     | Gained mutation: You have a greatly increased reservoir of
                  | magic. (+30% MP) [Jiyva's grace]
 28807 | D:13     | Noticed Frances
 29236 | D:13     | Killed Frances
 29406 | D:13     | Found Junaschu's Antique Weapon Shop.
 29690 | Lair:5   | a seven-headed hydra changed into an acid blob
 29690 | Lair:5   | Noticed an acid blob
 29919 | Lair:5   | Killed an acid blob
 30536 | Lair:5   | Reached skill level 10 in Shapeshifting
 30667 | Lair:5   | Reached XP level 16. HP: 129/129 MP: 40/40
 30805 | Lair:5   | Found a corrupted altar of Lugonu.
 30805 | Lair:5   | Found a one-way gate to the infinite horrors of the Abyss.
 31236 | D:11     | Found a runed translucent door.
 31238 | D:11     | Found a runed translucent door.
 31327 | D:11     | Reached skill level 15 in Unarmed Combat
 31355 | D:11     | Identified the ring of the Madman {rC- AC+4 Int+5}
 32048 | D:13     | Found a gate to the Vaults.
 32253 | D:13     | Found a burning altar of Makhleb.
 32318 | D:14     | Identified the maw talisman "Ixuasem" {Fly rElec rPois}
 32318 | D:14     | Noticed Rupert
 32482 | D:14     | Killed Rupert
 32736 | D:14     | Found Kiaskauq's Book Shop.
 32972 | D:15     | Entered Level 15 of the Dungeon
 33051 | D:15     | Noticed Agnes
 33061 | D:15     | HP: 2/130 [Agnes/+0 lajatang (14)]
 33062 | D:15     | Killed Agnes
 33414 | D:15     | Found a staircase to the Depths.
 33756 | D:15     | Gained mutation: You are resistant to electric shocks.
                  | (rElec) [Jiyva's grace]
 33756 | D:15     | Gained mutation: Your melee attacks may engulf your foes in
                  | ooze. [Jiyva's grace]
 33756 | D:15     | Gained mutation: Your spells are a little harder to cast,
                  | but a little more powerful. [Jiyva's grace]
 33756 | D:15     | Gained mutation: Your spells are harder to cast, but more
                  | powerful. [Jiyva's grace]
 33768 | D:15     | Found Fesyngawn's Jewellery Shoppe.
 34183 | D:15     | Bought a ring of poison resistance for 280 gold pieces
 34183 | D:15     | Bought the ring of Kakkiuczi {^Drain rF+ rC+ Str+3} for 555
                  | gold pieces
 34374 | Snake:1  | Entered Level 1 of the Snake Pit
 34603 | Snake:1  | Found a runed translucent door.
 34605 | Snake:1  | Noticed ouz's ghost (journeyman MDFi)
 34923 | Snake:1  | Noticed a nagaraja
 35004 | Snake:1  | Found a shadowy altar of Dithmenos.
 35046 | Snake:1  | Reached XP level 17. HP: 117/137 MP: 43/43
 35412 | Snake:1  | Reached skill level 16 in Unarmed Combat
 35476 | Snake:1  | Reached skill level 10 in Conjurations
 35476 | Snake:1  | Reached skill level 10 in Hexes
 35476 | Snake:1  | Reached skill level 10 in Summonings
 35476 | Snake:1  | Reached skill level 10 in Necromancy
 35476 | Snake:1  | Reached skill level 10 in Translocations
 35476 | Snake:1  | Reached skill level 10 in Ice Magic
 35476 | Snake:1  | Reached skill level 10 in Air Magic
 35476 | Snake:1  | Reached skill level 10 in Earth Magic
 35476 | Snake:1  | Reached skill level 10 in Alchemy
 35625 | Snake:1  | a nagaraja changed into an acid blob
 35625 | Snake:1  | Noticed an acid blob
 36047 | Snake:1  | HP: 6/137 [poisoned by a naga warrior (splash of poison)]
 36275 | Swamp:1  | Entered Level 1 of the Swamp
 36356 | Lair:2   | HP: 1/137 [will-o-the-wisp/foxfire (24)]
 36684 | Swamp:1  | Noticed Donald
 36690 | Swamp:1  | Killed Donald
 36795 | Swamp:1  | Noticed Karaet's ghost (adept MiFi)
 36863 | Swamp:1  | Lost mutation: You are resistant to electric shocks.
                  | (rElec) [Jiyva's grace]
 36863 | Swamp:1  | Lost mutation: Your spells are harder to cast, but more
                  | powerful. [Jiyva's grace]
 36863 | Swamp:1  | Lost mutation: You have a small jelly attached to you that
                  | may absorb projectiles. [Jiyva's grace]
 36863 | Swamp:1  | Gained mutation: You are somewhat resistant to further
                  | mutation. [Jiyva's grace]
 36863 | Swamp:1  | Gained mutation: You are somewhat resistant to both further
                  | mutation and mutation removal. [Jiyva's grace]
 36863 | Swamp:1  | Gained mutation: You are almost entirely resistant to
                  | further mutation and mutation removal. [Jiyva's grace]
 36863 | Swamp:1  | Gained mutation: Armour fits poorly on your pseudopods.
                  | [Jiyva's grace]
 36960 | Swamp:1  | Found a transporter.
 36966 | Swamp:1  | Found a bloodstained altar of Trog.
 36976 | Swamp:1  | Found a transporter.
 37009 | Swamp:1  | Found an ornate altar of the Wu Jian Council.
 37102 | Swamp:1  | Reached ***** piety under Jiyva
 37417 | Swamp:2  | Found a hide-covered altar of Uskayaw.
 39016 | Swamp:3  | Identified a scroll of acquirement
 39057 | Swamp:2  | Acquired 909 gold pieces
 39491 | Swamp:3  | Lost mutation: You are almost entirely resistant to further
                  | mutation and mutation removal. [Jiyva's grace]
 39491 | Swamp:3  | Lost mutation: Your melee attacks may engulf your foes in
                  | ooze. [Jiyva's grace]
 39491 | Swamp:3  | Gained mutation: Your flesh is heat resistant. (rF+)
                  | [Jiyva's grace]
 39491 | Swamp:3  | Gained mutation: Your flesh is very heat resistant. (rF++)
                  | [Jiyva's grace]
 39491 | Swamp:3  | Gained mutation: Your flesh is almost immune to the effects
                  | of heat. (rF+++) [Jiyva's grace]
 39491 | Swamp:3  | Gained mutation: You are strong-willed. (Will+) [Jiyva's
                  | grace]
 39598 | Swamp:4  | Entered Level 4 of the Swamp
 39694 | Swamp:4  | Reached XP level 18. HP: 120/121 MP: 45/45
 39749 | Swamp:4  | Reached skill level 17 in Unarmed Combat
 40119 | Swamp:4  | Noticed Nikola
 40236 | Swamp:4  | Killed Nikola
 40658 | Swamp:4  | Got a decaying rune of Zot
 41968 | Snake:2  | Noticed Azrael
 41993 | Snake:2  | Killed Azrael
 42335 | Snake:2  | Noticed Mlioglotl
 43008 | Snake:3  | Noticed Vashnia
 43039 | Snake:3  | Reached XP level 19. HP: 131/153 MP: 47/47
 43071 | Snake:3  | Reached skill level 18 in Unarmed Combat
 43076 | Snake:3  | Killed Vashnia
 43456 | Snake:3  | Found Geekakurgh's Antique Weapon Emporium.
 43460 | Snake:3  | Found Zoicaona's Assorted Antiques.
 43461 | Snake:3  | Found Zeasycsa's Armour Emporium.
 43802 | Snake:3  | Lost mutation: Your flesh is almost immune to the effects
                  | of heat. (rF+++) [Jiyva's grace]
 43802 | Snake:3  | Lost mutation: Your flesh is very heat resistant. (rF++)
                  | [Jiyva's grace]
 43802 | Snake:3  | Lost mutation: You have a greatly increased reservoir of
                  | magic. (+30% MP) [Jiyva's grace]
 43802 | Snake:3  | Lost mutation: You are somewhat resistant to both further
                  | mutation and mutation removal. [Jiyva's grace]
 43802 | Snake:3  | Gained mutation: You have sharp toenails. [Jiyva's grace]
 43802 | Snake:3  | Gained mutation: You have razor-sharp toenails. [Jiyva's
                  | grace]
 43802 | Snake:3  | Gained mutation: You have claws for feet. [Jiyva's grace]
 43802 | Snake:3  | Gained mutation: Armour fits poorly on your large
                  | pseudopods. [Jiyva's grace]
 44007 | Snake:4  | Entered Level 4 of the Snake Pit
 45331 | Snake:4  | Reached skill level 15 in Fighting
 45331 | Snake:4  | Reached skill level 15 in Polearms
 45477 | Snake:4  | Found a runed translucent gate.
 45477 | Snake:4  | Found a runed translucent gate.
 45477 | Snake:4  | Found a runed translucent gate.
 45482 | Snake:4  | Noticed niknal's ghost (adept MDSu)
 46293 | Snake:4  | Got a serpentine rune of Zot
 46679 | Snake:4  | Reached skill level 15 in Invocations
 47042 | Depths:1 | Entered Level 1 of the Depths
 47220 | D:15     | Bought a dragon-blood talisman for 840 gold pieces
 47395 | Depths:1 | Found a gateway to Hell.
 47468 | Depths:1 | Reached XP level 20. HP: 132/162 MP: 45/45
 47652 | Depths:1 | Reached skill level 19 in Unarmed Combat
 47828 | Depths:1 | Found a broken altar of Ashenzari.
 48391 | Depths:1 | Found a glowing silver altar of Zin.
 48393 | Depths:1 | Found a blossoming altar of Fedhas.
 48393 | Depths:1 | Found a shimmering altar of Xom.
 48395 | Depths:1 | Found a sacrificial altar of Ru.
 48395 | Depths:1 | Found a glowing golden altar of the Shining One.
 48395 | Depths:1 | Found a snail-covered altar of Cheibriados.
 48577 | Depths:1 | Found a one-way gateway to a ziggurat.
 48594 | Depths:2 | Found Xamysk's Antique Weapon Boutique.
 49657 | Depths:2 | Noticed a golden dragon
 49684 | Depths:2 | HP: 6/164 [iron troll (5)]
 49685 | Depths:2 | Demolished by a stone giant

Illustrated notes

Levels and vault maps discovered:
D:1:      amcnicky_arrival_feature_with_door, layout_rooms,
          nicolae_concentric_dashed_squares_wild
D:2:      layout_basic, shapermc_ecumenical_altar_mp_vishouse
D:3:      layout_loops_cross, grunt_qazlal_clouds, serial_glass,
          glass_columns_a, glass_columns_a
D:4:      layout_rooms, gammafunk_ghost_necromancy,
          eino_small_chamber_without_monster, solitary_fountain,
          nicolae_the_louvre, uniq_natasha
D:5:      minmay_octagon_keep, layout_rooms, lightli_temple_of_fire,
          serial_glass, glass_columns_a, glass_columns_c, item_on_display_a,
          item_on_display_b, nicolae_ossuary_entry_monument
D:6:      layout_gridville, uniq_prince_ribbit1
D:7:      minmay_inner_zag, layout_loops_corners, lemuel_temple_firewalk_b
D:8:      layout_basic, chequers_temple_overflow_minitemple,
          mainiacjoe_overflow_alcove_2, minmay_between, uniq_pikel, uniq_maurice
D:9:      layout_basic, serial_bayou_pond_a, kennysheep_generic_room_2,
          uniq_grum
D:10:     layout_small_grid, enter_bailey_3,
          serial_library_hellmonk_angled_corner, minmay_misc_feat_room
D:11:     minmay_the_grid_triangle_9x9_recursive_3
          [minmay_the_grid_triangle_9x9_from_above,
          minmay_the_grid_triangle_9x9_descending_squares,
          minmay_the_grid_triangle_9x9_tough_junction,
          minmay_the_grid_triangle_9x9_prize_top_heavy,
          minmay_the_grid_triangle_9x9_warning,
          minmay_the_grid_triangle_9x9_impossible_snake,
          minmay_the_grid_triangle_9x9_skeleton,
          minmay_the_grid_triangle_9x9_odd_lines,
          minmay_the_grid_triangle_9x9_longest], layout_stronghold,
          grunt_lair_entry_orc_guard_hut, enter_trove_2
D:12:     layout_basic, orc_0_dummy, serial_shops, shop,
          minmay_misc_feat_four_crosses, nicolae_hexahallways, kennysheep_dice
D:13:     layout_basic, grunt_vaults_entry_fortified, serial_shops, shop,
          bloody_makhleb, uniq_frances
D:14:     layout_irregular_city, minmay_misc_feat_more_columns, serial_shops,
          nicolae_lakefront_shop, uniq_rupert
D:15:     gammafunk_depths_entry_grave, layout_loops_ring, serial_shops, shop,
          uniq_agnes
Temple:   nicolae_temple_x_marks_the_god
Lair:1:   layout_cellular_growth, gammafunk_ghost_cemetery
Lair:2:   layout_misc_corridors, skrybe_swamp_entry_bodies, wad_woods_02
Lair:3:   layout_cave_pods, guppyfry_snake_entry_garden, gauntlet_entry_generic,
          fungi_pond_lemuel
Lair:4:   layout_gridlike, minmay_slime_entry_jelly_boxes, grunt_megastairs_4
Lair:5:   hellmonk_lair_end_abyssal_woods, layout_regular_city
Swamp:1:  layout_falls_marsh, gammafunk_ghost_wrathful_warriors,
          evilmike_swamp_ruin_house_1, swamp_pool_4, nicolae_swamp_godswood,
          nicolae_swamp_drake_lake, uniq_donald
Swamp:2:  layout_basic_swamp, basic_altar, infiniplex_staircase_pool
Swamp:3:  layout_basic_swamp, nicolae_swamp_small_spring, st_shrine_of_shade,
          nicolae_swamp_long_stream
Swamp:4:  swamp, layout_basic_swamp, uniq_nikola
Snake:1:  layout_onion, ebering_ghost_inner_flame, basic_altar,
          nicolae_snake_scaly_snakehead
Snake:2:  layout_onion_interference, abandoned_shop, uniq_azrael, uniq_mlioglotl
Snake:3:  layout_gridlike, grunt_megastairs_5, minmay_shop_star,
          lemuel_fruit_tree, serial_bayou_shore_b, uniq_vashnia
Snake:4:  grunt_snake_rune_spirals, layout_onion, ebering_ghost_rock_garden
Orc:1:    orc_temple, layout_diamond_mine, einodemon_barbed_minivault
Orc:2:    st_orc_elflike, layout_diamond_mine, basic_altar, serial_shops,
          nicolae_shop_window_shopping, nicolae_orc_beogh_chapel, uniq_snorg
Depths:1: layout_big_octagon, enter_ziggurat_d, ashenzari_conservatory_becter,
          pf_vacation_house_of_asmodeus, minmay_statues_item,
          doesnt_xom_only_xom
Depths:2: hangedman_grunt_twisty_little_passages, layout_basic,
          grunt_metal_band, serial_shops, shop, infiniplex_staircase_river,
          grunt_pan_entry_zigzag, minmay_misc_feat_tiny,
          nicolae_uskayaw_murder_on_the_dancefloor

Skill      XL: |  1  2  3  4  5  6  7  8  9 10 11 12 13 14 15 16 17 18 19 20 |
---------------+-------------------------------------------------------------+-----
Invocations    | 1 2 3 4 5 6 7 8 10 11 12 13 14 15 | 15.6
Short Blades   | 1 2 3 4 5 6 7 8 9 10 11 12 13 14 | 14.4
Long Blades    | 1 2 3 4 5 6 7 8 9 10 11 12 13 14 | 14.4
Axes           | 1 2 3 4 5 6 7 8 9 10 11 12 13 14 | 14.4
Maces & Flails | 1 2 3 4 5 6 7 8 9 10 11 12 13 14 | 14.4
Staves         | 1 2 3 4 5 6 7 8 9 10 11 12 13 14 | 14.4
Ranged Weapons | 1 2 3 4 5 6 7 8 9 10 11 12 13 14 | 14.4
Throwing       | 1 2 3 4 5 6 7 8 9 10 11 12 13 14 | 14.4
Armour         | 1 2 3 4 5 6 7 8 9 10 11 12 13 14 | 14.4
Dodging        | 1 2 3 4 5 6 7 8 9 10 11 12 13 14 | 14.4
Stealth        | 1 2 3 4 5 6 7 8 9 10 11 12 13 14 | 14.4
Shields        | 1 2 3 4 5 6 7 8 9 10 11 12 13 14 | 14.4
Unarmed Combat | 1 2 3 4 6 8 9 11 12 13 14 15 16 17 18 19 | 19.5
Evocations     | 1 2 3 4 5 6 7 8 9 10 11 12 13 14 | 14.4
Shapeshifting  | 1 2 3 4 5 6 7 8 9 10 11 12 13 | 13.3
Spellcasting   | 3 4 5 6 7 8 9 10 11 12 13 14 | 14.6
Conjurations   | 1 2 3 4 5 6 7 8 9 10 11 12 | 12.2
Hexes          | 1 2 3 4 5 6 7 8 9 10 11 12 | 12.2
Summonings     | 1 2 3 4 5 6 7 8 9 10 11 12 | 12.2
Necromancy     | 1 2 3 4 5 6 7 8 9 10 11 12 | 12.2
Translocations | 1 2 3 4 5 6 7 8 9 10 11 12 | 12.2
Ice Magic      | 1 2 3 4 5 6 7 8 9 10 11 12 | 12.2
Air Magic      | 1 2 3 4 5 6 7 8 9 10 11 12 | 12.2
Earth Magic    | 1 2 3 4 5 6 7 8 9 10 11 12 | 12.2
Alchemy        | 1 2 3 4 5 6 7 8 9 10 11 12 | 12.2
Fighting       | 7 8 9 10 11 12 13 14 15 | 15.7
Polearms       | 7 8 9 10 11 12 13 14 15 | 15.7
Fire Magic     | 6 7 8 9 10 11 12 13 | 13.3

Action                     |  1- 3 |  4- 6 |  7- 9 | 10-12 | 13-15 | 16-18 | 19-21 || total
---------------------------+-------+-------+-------+-------+-------+-------+-------++-------
  Melee: Spear             |   102 |   310 |   911 |   706 |   776 |       |       ||  2805
         Bite              |     3 |    29 |   100 |   148 |   241 |   262 |   103 ||   886
         Trident           |       |       |       |   368 |       |       |       ||   368
         War axe           |       |       |       |       |  1032 |   607 |       ||  1639
         Headbutt          |       |       |       |       |   184 |   433 |   189 ||   806
         Demon trident     |       |       |       |       |       |  1078 |  1014 ||  2092
         Pseudopods        |       |       |       |       |       |   230 |   212 ||   442
         Kick              |       |       |       |       |       |       |   297 ||   297
         Unarmed           |       |       |       |       |       |       |    79 ||    79
         Tailslap          |       |       |       |       |       |       |     9 ||     9
         Punch             |       |       |       |       |       |       |     8 ||     8
  Throw: Stone             |       |     1 |     9 |    36 |    58 |    36 |       ||   140
         Dart              |       |       |     6 |       |       |    66 |    15 ||    87
         Javelin           |       |       |       |       |    17 |       |       ||    17
 Invoke: Fiery Armour      |       |     1 |     3 |     6 |       |       |       ||    10
         Foxfire Swarm     |       |       |     1 |     1 |       |       |       ||     2
         Oozemancy         |       |       |       |       |     4 |     4 |    12 ||    20
         Slimify           |       |       |       |       |     1 |     4 |     1 ||     6
Ability: Breathe Fire      |       |       |       |       |       |       |     4 ||     4
  Evoke: Wand              |       |       |       |    33 |    10 |    31 |     1 ||    75
         Condenser vane    |       |       |       |       |     3 |     1 |       ||     4
         Lightning rod     |       |       |       |       |     9 |    14 |     5 ||    28
         Phial of floods   |       |       |       |       |       |     2 |     1 ||     3
    Use: Scroll            |       |       |    12 |     5 |    22 |    11 |     3 ||    53
         Potion            |       |       |       |     8 |    15 |     4 |     3 ||    30
   Stab: Sleeping          |       |       |       |     2 |     1 |     7 |     4 ||    14
         Distracted        |       |       |       |     2 |     1 |     6 |     3 ||    12
         Invisible         |       |       |       |       |     2 |       |       ||     2
         Confused          |       |       |       |       |    18 |    56 |    13 ||    87
 Armour: Robe              |    13 |       |       |       |       |       |       ||    13
         Ring mail         |     7 |       |       |       |       |       |       ||     7
         Ice dragon scales |    27 |   215 |   422 |   494 |  1148 |  1262 |   452 ||  4020
         Skin              |       |       |       |       |       |       |    49 ||    49
  Dodge: Dodged            |    30 |   122 |   296 |   444 |  1049 |   824 |   318 ||  3083
  Block: Buckler           |       |       |    46 |   164 |   476 |   154 |       ||   840
         Kite shield       |       |       |       |       |       |   474 |   319 ||   793
         Reflection        |       |       |       |       |       |    33 |    70 ||   103
         Form:             |       |       |       |       |       |     1 |     1 ||     2
         Maw               |       |       |       |       |       |     1 |       ||     1
         Dragon            |       |       |       |       |       |       |     1 ||     1

Table legend: (Time is in decaauts)
 A = Elapsed time spent in this place.
 B = Non-inter-level travel time spent in this place.
 C = Inter-level travel time spent in this place.
 D = Time resting spent in this place.
 E = Time spent auto-exploring this place.
 F = Levels seen in this place.
 G = Mean time per level.
                   A        B        C        D        E       F      G
               +--------+--------+--------+--------+--------+-----+--------+
         Total |  48134 |  43920 |   4214 |   4035 |  27195 |  36 | 1337.1 |
       Dungeon |  19658 |  17759 |   1899 |   1202 |  12252 |  15 | 1310.5 |
        Temple |      1 |      1 |      0 |      0 |      0 |   1 |    1.0 |
          Lair |  11064 |   9982 |   1082 |   1573 |   6094 |   5 | 2212.8 |
         Swamp |   4256 |   3766 |    490 |    615 |   1848 |   4 | 1064.0 |
     Snake Pit |   7182 |   6630 |    552 |    625 |   3570 |   4 | 1795.5 |
  Orcish Mines |   2153 |   2039 |    114 |     17 |   1261 |   2 | 1076.5 |
        Depths |   1942 |   1867 |     75 |      0 |   1126 |   2 |  971.0 |
       Ossuary |    770 |    770 |      0 |      0 |    429 |   1 |  770.0 |
        Bailey |    340 |    340 |      0 |      1 |    211 |   1 |  340.0 |
      Gauntlet |    764 |    764 |      0 |      0 |    403 |   1 |  764.0 |
               +--------+--------+--------+--------+--------+-----+--------+

Top non-repeatable levels by time:
  Lair:3: 3558 daAuts
    D:11: 2735 daAuts
 Snake:4: 2471 daAuts
     D:7: 2325 daAuts
  Lair:1: 2320 daAuts
 Snake:1: 2120 daAuts
  Lair:2: 1999 daAuts
     D:8: 1906 daAuts
    D:15: 1801 daAuts
 Snake:3: 1708 daAuts
  Lair:5: 1700 daAuts
    D:13: 1565 daAuts
  Lair:4: 1485 daAuts
 Swamp:1: 1298 daAuts
     D:9: 1297 daAuts
